 Seeded DCSS version 0.29-a0-23-ga79f92ac9c (webtiles) character file.

Game seed: 10000000000011 (custom seed)

214 knot the Chopper (level 5, -4/54 (61) HPs)
             Began as a Demonspawn Berserker on Jan 31, 2022.
             Was a Believer of Trog.
             Slain by Duvessa (9 damage)
             ... on level 4 of the Dungeon.
             The game lasted 00:02:45 (2818 turns).

knot the Chopper (Demonspawn Berserker)             Turns: 2818, Time: 00:02:45

HP:   -4/54 (61)    AC: 22    Str: 17    XL:     5   Next: 59%
MP:   5/5           EV:  2    Int: 11    God:    Trog [**....]
Gold: 109           SH:  5    Dex: 12    Spells: 4/4 levels left

rFire   . . .      SeeInvis .   a - +0 hand axe
rCold   . . .      Faith    .   (no shield)
rNeg    . . .      Spirit   .   (armour currently unavailable)
rPois   +          Reflect  +   (helmet currently unavailable)
rElec   .          Harm     .   (cloak currently unavailable)
rCorr   .          Rampage  .   (gloves currently unavailable)
Will    .....      NoTele   +   (boots currently unavailable)
Stlth   +.........              d - amulet of reflection
HPRegen 0.18/turn               (no ring)
MPRegen 0.18/turn               (no ring)

@: tree-form, heavily drained
A: stationary, stasis, torment immunity, boosted hp, magic regeneration,
(demonic touch 1)
a: Renounce Religion, Berserk, Trog's Hand


You were on level 4 of the Dungeon.
You worshipped Trog.
Trog was pleased with you.
You were a tree.
You visited 1 branch of the dungeon, and saw 4 of its levels.

You collected 109 gold pieces.

Inventory:

Hand Weapons
 a - a +0 hand axe (weapon)
Missiles
 f - 91 stones (quivered)
 i - 2 poisoned darts
Armour
 h - a +0 ring mail (melded)
Jewellery
 d - an amulet of reflection (around neck)
Scrolls
 c - a scroll of amnesia {unknown}
 k - a scroll of identify {unknown}
 m - 2 scrolls of blinking {unknown}
 n - a scroll of fog {unknown}
Potions
 b - a potion of might {unknown}
 e - a potion of curing {unknown}
 j - a potion of magic {unknown}
 l - a potion of heal wounds {unknown}


   Skills:
 - Level 3.0 Fighting
 + Level 5.8 Axes
 - Level 1.7 Armour
 - Level 1.7 Dodging


You had 4 spell levels left.
You didn't know any spells.
Your spell library contained the following spells:

 Spells                   Type           Power      Damage    Failure   Level
 Corpse Rot               Necr/Air       0%         N/A       47%         2
 Ensorcelled Hibernation  Hex/Ice        0%         N/A       47%         2
 Passwall                 Tmut/Erth      0%         N/A       47%         2
 Poisonous Vapours        Pois/Air       0%         N/A       47%         2
 Swiftness                Air            0%         N/A       71%         3


Dungeon Overview and Level Annotations

Branches:
Dungeon (4/15)             Temple (0/1) D:4

Altars:

Shops:
D:3 [

Annotations:
D:4 Dowan, Duvessa


Innate Abilities, Weirdness & Mutations

You are a tree.
Your roots penetrate the ground, keeping you stationary.
You cannot be teleported.
You are immune to unholy pain and torment.
Your maximum health is greatly increased.
Your equipment is partially melded.
You regenerate magic rapidly.
((Your touch may inflict minor irresistible damage on your foes.))


Message History

You feel drained.
Dowan points at you and mumbles some strange words.
The puff of flame hits you! The centaur skeleton barely misses you.
The centaur skeleton kicks you but does no damage.
Aiming: Polymorph
Press: ? - help, Shift-Dir - straight line, f/p - Duvessa
Aim: Duvessa, wielding a +2 short sword of draining and wearing a +0 ring mail (lightly wounded, will become a river rat, a scorpion, or a wolf, chance to affect: 31%) Duvessa easily resists.
Duvessa barely misses you.
The centaur skeleton barely misses you. x2
Aiming: Polymorph
Press: ? - help, Shift-Dir - straight line, f/p - Duvessa
Aim: Duvessa, wielding a +2 short sword of draining and wearing a +0 ring mail (lightly wounded, will become a river rat, a scorpion, or a wolf, chance to affect: 31%) Duvessa easily resists.
The centaur skeleton closely misses you. x2
You block Duvessa's attack.
Dowan zaps a wand.
The puff of flame hits you!
Aiming: Polymorph
Press: ? - help, Shift-Dir - straight line, f/p - Duvessa
Aim: Duvessa, wielding a +2 short sword of draining and wearing a +0 ring mail (lightly wounded, will become a river rat, a scorpion, or a wolf, chance to affect: 31%) Duvessa easily resists.
Duvessa hits you but does no damage.
You feel drained.
Dowan zaps a wand.
The puff of flame hits you.
* * * LOW HITPOINT WARNING * * *
Aiming: Polymorph
Press: ? - help, Shift-Dir - straight line, f/p - Duvessa
Aim: Duvessa, wielding a +2 short sword of draining and wearing a +0 ring mail (lightly wounded, will become a river rat, a scorpion, or a wolf, chance to affect: 31%) Duvessa easily resists.
You block Duvessa's attack.
Dowan casts a spell.
Dowan blinks!
The goblin barely misses you.
Aiming: Polymorph
Press: ? - help, Shift-Dir - straight line, f/p - Duvessa
Aim: Duvessa, wielding a +2 short sword of draining and wearing a +0 ring mail (lightly wounded, will become a river rat, a scorpion, or a wolf, chance to affect: 31%) Duvessa easily resists.
The now-empty wand crumbles to dust.
Duvessa hits you with a +2 short sword of draining.
* * * LOW HITPOINT WARNING * * *
You feel drained.
* * * LOW HITPOINT WARNING * * *
The goblin closely misses you.
It was a potion of lignification.
You turn into a tree.
Your +0 ring mail melds into your body.
Your roots penetrate the ground.
Duvessa hits you with a +2 short sword of draining!
You die...

####### ....... ..
######## ...
#......#### ####...
........... .......
...<...## ..e....
).......# .......
[######.# ###g.....#
.## #.# ##.♣eZ....#
..# #.# ##..##.....#
#.# #.# #.)## ...(#
#.# ###.###
#.###......# #.#
###+### #..........#
#.####⌠.⌠####.####$..
.# #....'.>.'....# #
#.####⌠.⌠###### #.#
###'###


You could see Duvessa, Dowan, a goblin and a centaur skeleton.

Vanquished Creatures
  An ogre (D:3)
  An orc priest (D:4)
  4 adders
  2 orcs (D:4)
  5 endoplasms
  2 giant cockroaches
  4 goblins
  5 hobgoblins
  14 jackals
  A ball python (D:2)
  7 bats
  5 frilled lizards
  3 kobolds
  4 rats (D:1)
58 creatures vanquished.

Notes
Turn   | Place    | Note
-------+----------+-------------------------------------------
     0 | D:1      | knot the Demonspawn Berserker began the quest for the Orb.
     0 | D:1      | Reached XP level 1. HP: 18/18 MP: 1/1
   107 | D:1      | Reached skill level 3 in Axes
   211 | D:1      | Gained mutation: You regenerate magic rapidly. [demonic
                  | ancestry]
   211 | D:1      | Reached XP level 2. HP: 8/24 MP: 2/2
   833 | D:1      | Reached ** piety under Trog
  1260 | D:2      | Gained mutation: Your touch may inflict minor irresistible
                  | damage on your foes. [demonic ancestry]
  1260 | D:2      | Reached XP level 3. HP: 29/29 MP: 3/3
  1341 | D:2      | Reached skill level 4 in Axes
  1891 | D:2      | Reached XP level 4. HP: 31/35 MP: 4/4
  2203 | D:3      | Noticed an ogre
  2209 | D:3      | Killed an ogre
  2210 | D:3      | Reached skill level 5 in Axes
  2210 | D:3      | Reached XP level 5. HP: 39/41 MP: 5/5
  2413 | D:3      | Found Daocsar's Antique Armour Emporium.
  2786 | D:4      | Found a staircase to the Ecumenical Temple.
  2806 | D:4      | Noticed Duvessa
  2809 | D:4      | Noticed Dowan
  2818 | D:4      | Slain by Duvessa

Illustrated notes

Levels and vault maps discovered:
D:1:      lordsloth_arrival_two_stooges, layout_basic, grunt_decor_fettered,
          minmay_misc_feat_diagonals, nicolae_concentric_dashed_squares_wild
D:2:      layout_rooms, hangedman_decor_clover_reticule
D:3:      layout_basic, serial_shops, shop, kennysheep_path_1
D:4:      layout_rooms, temple_doors_e, uniq_duvessa, uniq_ijyb

Skill      XL: |  1  2  3  4 |
---------------+-------------+-----
Axes           | 3 4 5 |  5.8
Fighting       | |  3.0
Armour         | |  1.7
Dodging        | |  1.7

Action                   |  1- 3 |  4- 6 || total
-------------------------+-------+-------++-------
Melee: Hand axe          |   101 |    39 ||   140
       Punch             |     1 |       ||     1
       Touch             |     7 |     4 ||    11
Invok: Berserk           |     2 |     3 ||     5
Evoke: Wand              |       |     8 ||     8
  Use: Potion            |       |     1 ||     1
Armor: Animal skin       |     8 |       ||     8
       Ring mail         |    28 |    21 ||    49
Dodge: Dodged            |    89 |    35 ||   124
Block: Other             |    25 |    10 ||    35

Table legend: (Time is in decaauts)
 A = Elapsed time spent in this place.
 B = Non-inter-level travel time spent in this place.
 C = Inter-level travel time spent in this place.
 D = Time resting spent in this place.
 E = Time spent auto-exploring this place.
 F = Levels seen in this place.
 G = Mean time per level.
                   A        B        C        D        E       F      G
               +--------+--------+--------+--------+--------+-----+--------+
         Total |   2882 |   2801 |     81 |    927 |   1513 |   4 |  720.5 |
       Dungeon |   2882 |   2801 |     81 |    927 |   1513 |   4 |  720.5 |
               +--------+--------+--------+--------+--------+-----+--------+

Top non-repeatable levels by time:
     D:1: 1274 daAuts
     D:2: 782 daAuts
     D:3: 751 daAuts
     D:4: 73 daAuts
